 Dungeon Crawl Stone Soup version 0.22.1-6-g1668fe2c40 (webtiles) character file.

1957 Gargoyl the Covered (level 8, 0/100 HPs)
             Began as a Centaur Abyssal Knight on Jan 19, 2019.
             Was a Priest of Lugonu.
             Slain by a killer bee (6 damage)
             ... on level 7 of the Dungeon.
             The game lasted 00:11:27 (7909 turns).

Gargoyl the Covered (Centaur Abyssal Knight)        Turns: 7909, Time: 00:11:28

Health: 0/100      AC: 10    Str: 18 (20) XL:     8   Next: 99%
Magic:  11/11      EV:  8    Int:  8 (11) God:    Lugonu [***...]
Gold:   468        SH:  0    Dex:  8 (11) Spells: 7/7 levels left

rFire    . . .     SeeInvis +   a - +4 hand axe
rCold    . . .     Gourm    .   (no shield)
rNeg     . . .     Faith    .   g - +0 scale mail {rPois}
rPois    +         Spirit   .   x - +0 helmet
rElec    +         Reflect  .   p - +0 cloak
rCorr    .         Harm     .   (no gloves)
MR       .....     Rnd*Rage +   (no barding)
Stlth    ..........             w - amulet of Juzy {rElec Regen+ SInv}
HPRegen  0.66/turn              (no ring)
MPRegen  0.12/turn              (no ring)

@: berserking, lethally poisoned (0 -> 0), hasted, very quick
A: large, hooves 3, see invisible, berserk 1, deformed body, speed 2, tough skin
3
a: Depart the Abyss, Bend Space, Banish, Renounce Religion


You were on level 7 of the Dungeon.
You worshipped Lugonu.
Lugonu was most pleased with you.
You were hungry.

You visited 1 branch of the dungeon, and saw 7 of its levels.
You visited the Abyss 1 time.

You collected 468 gold pieces.

Inventory:

Hand Weapons
 a - a +4 hand axe (weapon)
Armour
 g - a +0 scale mail of poison resistance (worn)
 p - a +0 cloak (worn)
 x - a +0 helmet (worn)
Jewellery
 w - the amulet of Juzy (around neck) {rElec Regen+ SInv}
   (You found it on level 6 of the Dungeon)

   [amulet of regeneration]

   It insulates you from electricity.
   It lets you see invisible.
   It increases your rate of regeneration.
Wands
 k - a wand of paralysis (15)
 m - a wand of iceblast (5)
 u - a wand of random effects (24)
Scrolls
 d - 5 scrolls of remove curse
 e - 2 scrolls of identify
 q - a scroll of blinking
 r - 2 scrolls of teleportation
 y - a scroll of fog
Potions
 b - 3 potions of curing
 f - 3 potions of agility
 i - a potion of heal wounds
 j - 2 potions of mutation
 n - 2 potions of flight
 s - a potion of degeneration
 v - a potion of haste
Comestibles
 c - 6 rations


   Skills:
 + Level 4.9 Fighting
 + Level 5.3 Axes
 * Level 5.7 Armour
 * Level 3.1 Dodging
 * Level 5.0 Invocations


You had 7 spell levels left.
You didn't know any spells.
Your spell library was empty.

Dungeon Overview and Level Annotations

Branches:
Dungeon (7/15)             Temple (0/1) D:6

Altars:
Cheibriados
Okawaru
Xom
The Shining One

Shops:
D:4 *


Innate Abilities, Weirdness & Mutations

You have hooves in place of feet.
Armour fits poorly on your strangely shaped body.
You cover ground very quickly.
You have extremely tough skin. (AC +3)
You have supernaturally acute eyesight. (SInv)
You tend to lose your temper in combat.


Message History

You closely miss the killer bee.
The killer bee is lightly wounded.
You closely miss the killer bee. The killer bee completely misses you.
The killer bee stings you.
* * * LOW HITPOINT WARNING * * *
The killer bee stings you but does no damage.
You closely miss the killer bee.
The killer bee is lightly wounded.
You miss the killer bee.
You feel sick. The killer bee closely misses you.
The killer bee stings you but does no damage. x2
Unknown command.
Unknown command.
You hit the killer bee.
The killer bee is heavily wounded.
You miss the killer bee. The killer bee closely misses you.
The killer bee stings you but does no damage.
You barely miss the killer bee. Your kick misses the killer bee.
The killer bee is heavily wounded.
You miss the killer bee.
You feel sick. The killer bee stings you.
You die...

#...................#
#...........^.......+
#...................#
#...................#######
#...................'...$.#
#...................#.......
#......##+#####.....#.......
#......+......#.....#.......
+......#.....@y.....+.......
.... #.....y#.....#.......
########.....########
#######


You could see 2 killer bees.

Vanquished Creatures
  A hippogriff (D:6)
  Sigmund (D:3)
  2 sky beasts
  An ogre (D:4)
  A centaur (D:5)
  A bullfrog (D:7)
  A gnoll sergeant (D:6)
  2 killer bees (D:7)
  4 wights (D:4)
  2 howler monkeys (D:6)
  A bullfrog zombie (D:6)
  4 crimson imps
  A centaur zombie (D:5)
  A hound (D:4)
  An orc priest (D:4)
  3 orc wizards (D:4)
  Crazy Yiuf (D:3)
  2 bullfrog skeletons
  Jessica (D:3)
  An iguana (D:5)
  5 worker ants
  A hound skeleton (D:5)
  5 gnolls (D:7)
  5 adders
  2 shadow imps
  2 oozes
  2 adder skeletons
  An adder zombie (D:5)
  2 worms (D:2)
  2 dart slugs (D:2)
  2 leopard geckos
  9 orcs
  8 bats
  3 giant cockroaches
  4 goblins
  3 hobgoblins (D:1)
  2 jackals (D:6)
  11 kobolds
  A quokka (D:3)
  4 frilled lizards
  A giant cockroach zombie (D:6)
  2 leopard gecko skeletons
  A quokka skeleton (D:4)
  6 rats
  A fungus (D:1)
  A plant (D:2)
118 creatures vanquished.

Notes
Turn   | Place    | Note
-------+----------+-------------------------------------------
     0 | Abyss:1  | Gargoyl the Centaur Abyssal Knight began the quest for the
                  | Orb.
     0 | Abyss:1  | Reached XP level 1. HP: 19/19 MP: 2/2
    70 | Abyss:2  | Noticed a ynoxinul
    86 | D:1      | Escaped the Abyss
   309 | D:1      | Reached * piety under Lugonu
   310 | D:1      | Reached XP level 2. HP: 25/26 MP: 3/3
   895 | D:2      | Reached XP level 3. HP: 29/31 MP: 4/4
   896 | D:2      | Found a faded altar of an unknown god.
   936 | D:2      | Reached skill level 1 in Dodging
  1100 | D:2      | Found an iron altar of Okawaru.
  1100 | D:2      | Found a snail-covered altar of Cheibriados.
  1101 | D:2      | Found a shimmering altar of Xom.
  1519 | D:2      | Reached ** piety under Lugonu
  2086 | D:3      | Reached XP level 4. HP: 40/40 MP: 5/5
  2316 | D:3      | Noticed Sigmund
  2339 | D:3      | Gained mutation: You tend to lose your temper in combat.
                  | [potion of mutation]
  2339 | D:3      | Gained mutation: You have supernaturally acute eyesight.
                  | (SInv) [potion of mutation]
  2346 | D:3      | Killed Sigmund
  2346 | D:3      | Reached XP level 5. HP: 46/46 MP: 5/7
  2451 | D:3      | Noticed Jessica
  2465 | D:3      | Killed Jessica
  2465 | D:3      | Reached XP level 6. HP: 32/52 MP: 8/8
  3039 | D:3      | Found a runed door.
  3043 | D:3      | Noticed Crazy Yiuf
  3057 | D:3      | HP: 1/52 [Crazy Yiuf/quarterstaff of chaos (10)]
  3058 | D:3      | Killed Crazy Yiuf
  4454 | D:4      | Reached XP level 7. HP: 57/59 MP: 9/9
  4589 | D:4      | Reached *** piety under Lugonu
  4786 | D:4      | Found Doigan's General Store.
  5551 | D:5      | Entered Level 5 of the Dungeon
  5801 | D:5      | Reached XP level 8. HP: 27/67 MP: 11/11
  6130 | D:5      | Found a glowing golden altar of the Shining One.
  6644 | D:6      | Reached skill level 5 in Armour
  6944 | D:6      | Noticed a hippogriff
  6956 | D:6      | Killed a hippogriff
  7175 | D:6      | Got a vibrating diamond amulet
  7299 | D:6      | Found a staircase to the Ecumenical Temple.
  7406 | D:7      | Reached skill level 5 in Axes
  7409 | D:7      | Identified the amulet of Juzy {rElec Regen+ SInv} (You
                  | found it on level 6 of the Dungeon)
  7477 | D:7      | HP: 2/67 [shadow imp/nerve-wracking pain (14)]
  7857 | D:7      | Reached skill level 5 in Invocations
  7909 | D:7      | Slain by a killer bee

Skill      XL: |  1  2  3  4  5  6  7  8 |
---------------+-------------------------+-----
Axes           | 2 3 4 5 |  5.3
Dodging        | 1 2 3 |  3.1
Armour         | 2 3 4 5 |  5.7
Invocations    | 3 4 5 |  5.0
Fighting       | 4 |  4.9

Action                   |  1- 3 |  4- 6 |  7- 9 || total
-------------------------+-------+-------+-------++-------
Melee: Hand axe          |   150 |   117 |   219 ||   486
       Kick              |    32 |    20 |    56 ||   108
Invok: Depart the Abyss  |     1 |       |       ||     1
  Use: Scroll            |     7 |     2 |    12 ||    21
       Potion            |       |     5 |     8 ||    13
  Eat: Chunk             |     2 |     3 |     6 ||    11
       Ration            |       |     1 |     1 ||     2
Armor: Scale mail        |    66 |    55 |   145 ||   266
       Skin              |       |    12 |       ||    12
Dodge: Dodged            |    52 |    44 |   113 ||   209
